 Dungeon Crawl Stone Soup version 0.28-a0-983-g1de4e0787c (webtiles) character file.

Game seed: 18401431556561694092

105 Lavandula the Poker (level 4, -1/46 HPs)
             Began as an Octopode Chaos Knight on Dec 3, 2021.
             Was a Plaything of Xom.
             Slain by a gnoll (5 damage)
             ... on level 3 of the Dungeon.
             The game lasted 00:03:52 (1505 turns).

Lavandula the Poker (Octopode Chaos Knight)         Turns: 1505, Time: 00:03:53

Health: -1/46      AC:  1    Str:  9    XL:     4   Next: 81%
Magic:  4/4        EV: 13    Int: 14    God:    Xom [.....*]
Gold:   69         SH:  0    Dex: 13    Spells: 3/3 levels left

rFire   . . .      SeeInvis .   a - +0 spear (chaos)
rCold   + . .      Faith    .   (no shield)
rNeg    . . .      Spirit   .   (helmet restricted)
rPois   +          Reflect  .   (no amulet)
rElec   .          Harm     .   g - ring of poison resistance
rCorr   .          Rampage  .   m - ring of flight
Will    .....                   (no ring)
Stlth   ..........              (no ring)
HPRegen 0.15/turn               (no ring)
MPRegen 0.09/turn               (no ring)
                                (no ring)
                                (no ring)

@: berserking, flying, very quick
A: almost no armour, amphibious, 8 rings, camouflage 1, gelatinous body 1,
(nimble swimmer 1), tentacles, cold resistance 1, weak 1
a: Renounce Religion


You were on level 3 of the Dungeon.
You worshipped Xom.
You were Xom's teddy bear.
You visited 1 branch of the dungeon, and saw 3 of its levels.

You collected 69 gold pieces.

Inventory:

Hand Weapons
 a - a +0 spear of chaos (weapon)
Jewellery
 c - a ring of ice
 g - a ring of poison resistance (left tentacle)
 m - a ring of flight (right tentacle)
Scrolls
 b - a scroll of amnesia {unknown}
 d - a scroll of magic mapping {unknown}
 e - 3 scrolls of identify {unknown}
 h - a scroll of vulnerability {unknown}
 i - 2 scrolls of acquirement {unknown}
 j - a scroll of enchant armour {unknown}
Potions
 f - a potion of heal wounds {unknown}
 k - a potion of mutation {unknown}
 l - a potion of lignification {unknown}
 n - a potion of berserk rage


   Skills:
 - Level 3.0 Fighting
 + Level 5.4 Polearms
 - Level 2.3 Dodging


You had 3 spell levels left.
You didn't know any spells.
Your spell library was empty.

Dungeon Overview and Level Annotations

Branches:
Dungeon (3/15)

Altars:
Nemelex Xobeh

Shops:
D:2 (


Innate Abilities, Weirdness & Mutations

You cannot wear most types of armour.
You are amphibious.
You can wear up to eight rings at the same time.
Your skin changes colour to match your surroundings (Stealth+).
Your rubbery body absorbs attacks. (AC +1, EV +1)
((You are camouflaged near water. (Stealth+)))
You have tentacles for arms and can constrict up to eight enemies at once.
Your flesh is cold resistant. (rC+)
You are weak. (Str -2)


Message History

You reach to attack!
You barely miss the gnoll. The gnoll closely misses you.
You reach to attack!
You hit the gnoll but do no damage.
The gnoll is poisoned.
The gnoll hits you from afar with a +0 spear!
A frilled lizard comes into view.
You kill the gnoll!
You reach to attack!
You closely miss the gnoll.
The gnoll hits you from afar with a +0 spear.
You reach to attack!
You barely miss the gnoll.
The gnoll hits you from afar with a +0 spear!
Xom's power touches on your mind for a moment.
The gnoll looks rather confused. x2
You are now a very special plaything of Xom.
Xom titters.
You are confused.
You are now Xom's teddy bear.
The gnoll seems less confused.
The gnoll closely misses you.
You're too confused to move!
The gnoll barely misses you. The gnoll closely misses you.
You bump into the rock wall.
The gnoll hits you from afar with a +0 spear!
* * * LOW HITPOINT WARNING * * *
It was a potion of berserk rage.
A red film seems to cover your vision as you go berserk!
You feel yourself moving faster!
You feel mighty!
You feel less confused.
The gnoll hits you from afar with a +0 spear.
* * * LOW HITPOINT WARNING * * *
Unknown command.
Reach: a) +0 spear (chaos)
Press: ? - help, Dir - move target, f/p - gnoll
Aim: a gnoll, wielding a +0 spear (about 34% to evade your +0 spear of chaos)
You reach to attack!
You hit the gnoll but do no damage. You drain the gnoll.
The gnoll is moderately wounded.
Reach: a) +0 spear (chaos)
Press: ? - help, Dir - move target, f/p - gnoll
Aim: a gnoll, wielding a +0 spear (moderately wounded, heavily drained, about 34% to evade your +0 spear of chaos)
You reach to attack!
You hit the gnoll.
The gnoll is severely wounded.
The gnoll hits you from afar with a +0 spear.
You die...

#..# #...##.....#
#..#####...###...##
#.....)....# ##.##
#.###.####.####.#####
#.# #.####.#.........
#.###.##...#.####†###
#.#####.##..##.###
#.# #.......##.###.#
#.# #######.##@###.#
#.# #.g......# #†##
#.##.##### #..#
#.##.# ##.#
#######.##.# #.#
#..g...g##.#
#.#####.##
#.########.#
#......... #.# #.#
#######... #######.#
#.# ####


You could see a gnoll (drained).

Vanquished Creatures
  A gnoll (D:3)
  A worm (D:3)
  A dart slug (D:3)
  5 bats
  5 endoplasms
  2 giant cockroaches (D:1)
  9 goblins
  3 hobgoblins (D:1)
  3 jackals (D:1)
  3 quokkas
  8 ball pythons
  3 frilled lizards (D:1)
  A kobold (D:3)
  3 rats
48 creatures vanquished.

Vanquished Creatures (collateral kills)
  3 gnolls (D:3)
  An orc (D:3)
  An endoplasm (D:3)
5 creatures vanquished.

Grand Total: 53 creatures vanquished

Notes
Turn   | Place    | Note
-------+----------+-------------------------------------------
     0 | D:1      | Lavandula the Octopode Chaos Knight began the quest for the
                  | Orb.
     0 | D:1      | Reached XP level 1. HP: 16/16 MP: 1/1
   113 | D:1      | Reached XP level 2. HP: 21/21 MP: 2/2
   230 | D:1      | XOM: silly message
   280 | D:1      | Found a faded altar of an unknown god.
   295 | D:1      | Reached skill level 4 in Polearms
   345 | D:1      | Reached XP level 3. HP: 26/26 MP: 3/3
   679 | D:1      | XOM: give mutation
   679 | D:1      | Gained mutation: One of your tentacles bears a spike.
                  | [Xom's grace]
   804 | D:2      | Found a sparkling altar of Nemelex Xobeh.
  1128 | D:2      | Found Itsoje Utump's Weapon Shoppe.
  1134 | D:2      | Noticed a scorpion
  1177 | D:3      | XOM: confusion (+ monsters)
  1184 | D:3      | Reached XP level 4. HP: 31/31 MP: 4/4
  1191 | D:3      | Reached skill level 5 in Polearms
  1330 | D:3      | XOM: give mutations
  1330 | D:3      | Gained mutation: Your flesh is cold resistant. (rC+) [Xom's
                  | mischief]
  1330 | D:3      | Gained mutation: You are weak. (Str -2) [Xom's mischief]
  1330 | D:3      | Lost mutation: One of your tentacles bears a spike. [Xom's
                  | mischief]
  1495 | D:3      | XOM: confuse monster(s)
  1497 | D:3      | XOM: confusion
  1505 | D:3      | Slain by a gnoll

Illustrated notes

Levels and vault maps discovered:
D:1:      wander_arrival_estate, layout_loops_cross,
          shapermc_ecumenical_altar_gd
D:2:      layout_basic, basic_altar, serial_shops,
          nicolae_shop_bloodbath_and_beyond
D:3:      layout_loops_ring, uniq_sigmund

Skill      XL: |  1  2  3  4 |
---------------+-------------+-----
Polearms       | 4 5 |  5.4
Fighting       | |  3.0
Dodging        | |  2.3

Action                   |  1- 3 |  4- 6 || total
-------------------------+-------+-------++-------
Melee: Spear             |    77 |    25 ||   102
       Constrict         |    14 |     5 ||    19
       Tentacles         |     9 |     2 ||    11
       Kick              |     4 |     6 ||    10
  Use: Potion            |       |     1 ||     1
 Stab: Sleeping          |    13 |     2 ||    15
Armor: Skin              |     5 |       ||     5
Dodge: Dodged            |    18 |     9 ||    27

Table legend: (Time is in decaauts)
 A = Elapsed time spent in this place.
 B = Non-inter-level travel time spent in this place.
 C = Inter-level travel time spent in this place.
 D = Time resting spent in this place.
 E = Time spent auto-exploring this place.
 F = Levels seen in this place.
 G = Mean time per level.
                   A        B        C        D        E       F      G
               +--------+--------+--------+--------+--------+-----+--------+
         Total |   1492 |   1462 |     30 |      0 |   1130 |   3 |  497.3 |
       Dungeon |   1492 |   1462 |     30 |      0 |   1130 |   3 |  497.3 |
               +--------+--------+--------+--------+--------+-----+--------+

Top non-repeatable levels by time:
     D:1: 740 daAuts
     D:2: 398 daAuts
     D:3: 352 daAuts
